Map: 세룰리안 폴 - 래더

Players

FanTaSy

  • Race: Terran Terran
  • League: Grandmaster
  • Spawn Location: 1:00

Stats - Winner!

  • Race: Protoss Protoss
  • League: Grandmaster
  • Spawn Location: 7:00

Event: IEM Season 13 - Katowice Server Qualifiers Asia 2

VOD

Have the link to the VOD?

Description

Time

  • Played on: Jan. 22, 2019, 4:24 a.m.
  • Length: 10:41

All games in this series

Show
View Real Time Build Order
Export as new Build Order

FanTaSy Terran 

Build Orders: Gas First Reaper Expand 

Get SALT Encoding   

  12  0:00  SCV  
  13  0:12  SCV  
  14  0:17  Supply Depot  
  14  0:24  SCV  
  14  0:28  Refinery  
  15  0:39  SCV  
  16  0:44  Barracks  
  16  0:51  SCV  
  17  1:03  SCV  
  18  1:15  SCV  
  19  1:32  Reaper, Orbital Command  
  20  1:48  Command Center  
  20  1:56  Factory  
  20  2:00  SCV  
  21  2:05  Barracks Reactor  
  21  2:09  Refinery  
  21  2:12  SCV  
  22  2:17  Supply Depot  
  22  2:24  SCV  
  23  2:39  SCV  
  23  2:40  Factory Tech Lab  
  23  2:41  Marine  
  23  2:42  Marine  
  26  2:45  Starport  
  26  2:51  SCV  
  27  3:00  Orbital Command  
  27  3:03  Cyclone  
  27  3:05  SCV  
  31  3:09  Marine  
  31  3:12  Marine  
  33  3:17  SCV  
  34  3:21  Starport Tech Lab  
  34  3:23  Refinery  
  34  3:26  SCV  
  35  3:28  Marine  
  35  3:29  Marine  
  37  3:35  SCV  
  37  3:36  Siege Tank  
  37  3:39  SCV  
  44  3:51  Supply Depot  
  44  3:54  Banshee  
  46  3:55  SCV  
  46  3:57  Supply Depot  
  46  4:12  Marine x2  
  46  4:13  SCV x2, Siege Tank  
  46  4:15  Supply Depot  
  53  4:25  SCV x2  
  53  4:29  Supply Depot  
  53  4:30  Marine x2  
  56  4:37  SCV x2, Banshee  
  61  4:44  Supply Depot  
  61  4:45  Siege Tank  
  64  4:48  Marine x2  
  64  4:50  SCV x2  
  68  5:02  SCV x2  
  68  5:06  Marine x2  
  72  5:14  SCV x2  
  72  5:17  Siege Tank  
  76  5:23  Banshee  
  76  5:24  Marine x2  
  76  5:26  SCV x2  
  83  5:29  Supply Depot  
  83  5:38  SCV x2  
  83  5:41  Marine x2  
  84  5:51  Siege Tank  
  84  5:54  Bunker  
  84  5:55  Bunker  
  85  5:58  SCV x2  
  85  5:59  Marine x2  
  85  6:03  Supply Depot  
  85  6:04  Supply Depot  
  87  6:10  SCV x2  
  77  6:17  Marine x2  
  75  6:22  SCV x2  
  75  6:24  Siege Tank  
  67  6:34  SCV, Banshee  
  67  6:35  Marine x2, SCV  
  67  6:38  Barracks  
  73  6:42  Barracks  
  73  6:46  SCV  
  73  6:47  SCV  
  75  6:48  Command Center  
  75  6:53  Marine x2  
  73  6:58  Siege Tank  
  73  6:59  SCV x2  
  72  7:07  Refinery, Engineering Bay  
  72  7:09  Engineering Bay  
  72  7:10  Marine x2  
  74  7:17  Barracks, Raven  
  74  7:20  Barracks  
  76  7:28  Marine x2, Barracks Tech Lab  
  76  7:29  Barracks Reactor  
  78  7:34  Terran Infantry Weapons Level 1  
  78  7:35  Terran Infantry Armor Level 1  
  78  7:41  Missile Turret, Siege Tank  
  81  7:52  Marine x2, Marauder, Stimpack  
  81  7:58  SCV x2  
  85  8:10  SCV  
  85  8:12  Orbital Command  
  86  8:13  Marine x2  
  86  8:14  Marauder  
  86  8:16  Barracks Tech Lab, Barracks Reactor  
  90  8:25  Supply Depot  
  90  8:26  Supply Depot  
  90  8:27  Starport Reactor  
  90  8:31  Marine x2, Marauder  
  90  8:34  Orbital Command  
  98  8:35  Marauder  
  98  8:36  Combat Shield  
  93  8:43  Factory Reactor  
  95  8:48  Marauder  
  95  8:49  Marine x2  
  95  8:52  Medivac x2  
  95  8:53  Marauder  
  95  8:54  Ghost Academy  
  103  8:57  Marauder  
  103  9:01  Refinery  
  105  9:07  Refinery  
  105  9:16  Marine x4, Marauder x2  
  113  9:18  Marauder  
  113  9:23  Widow Mine x2, Medivac x2  
  123  9:30  Concussive Shells  
  123  9:34  Marine x4  
  123  9:35  Supply Depot  
  123  9:36  Ghost, Supply Depot  
  123  9:37  Supply Depot  
  129  9:39  Ghost  
  131  9:47  Marine  
  131  9:49  Widow Mine x2  
  131  9:51  Marine x2  
  131  9:52  Marine  
  139  10:01  Marine  
  139  10:02  Medivac x2  
  139  10:05  Marauder  
  139  10:06  Marauder  
  148  10:08  Marauder  
  148  10:09  Marine x3  
  148  10:11  Widow Mine x2  
  157  10:19  Marine  
Show
View Real Time Build Order
Export as new Build Order

Stats Protoss - Winner!

Build Orders: 1 Gate Expand, Double Forge, Blink Stalkers 

Get SALT Encoding   

  12  0:00  Probe  
  13  0:12  Probe  
  14  0:17  Pylon  
  14  0:24  Probe  
  15  0:32  Probe  
  15  0:37  Gateway  
  15  0:40  Probe  
  16  0:46  Assimilator  
  17  0:51  Probe  
  18  1:03  Probe  
  19  1:15  Probe  
  20  1:25  Nexus  
  20  1:33  Cybernetics Core  
  20  1:35  Probe  
  21  1:41  Assimilator  
  21  1:47  Probe  
  21  1:51  Pylon  
  22  1:59  Probe  
  23  2:01  Adept  
  23  2:12  Probe  
  23  2:14  Warp Gate  
  26  2:21  Sentry  
  26  2:24  Probe  
  29  2:33  Probe  
  29  2:36  Probe  
  31  2:41  Probe, Twilight Council  
  31  2:44  Stalker  
  31  2:48  Probe  
  31  2:51  Probe  
  35  2:58  Blink  
  36  3:00  Probe  
  36  3:03  Probe  
  38  3:12  Probe  
  39  3:15  Probe  
  40  3:21  Gateway  
  40  3:23  Gateway  
  40  3:24  Probe  
  41  3:27  Probe  
  41  3:31  Pylon  
  42  3:35  Robotics Facility  
  42  3:38  Probe  
  42  3:39  Probe  
  44  3:43  Pylon  
  44  3:50  Probe  
  44  3:51  Probe  
  46  4:06  Nexus  
  46  4:14  Shield Battery  
  46  4:16  Observer, Stalker x2  
  50  4:17  Stalker  
  50  4:24  Shield Battery  
  53  4:30  Probe x2  
  55  4:32  Assimilator, Phoenix  
  55  4:36  Assimilator  
  55  4:38  Forge  
  55  4:40  Observer, Forge  
  55  4:43  Probe x2  
  58  5:01  Probe x2  
  58  5:04  Charge  
  60  5:08  Pylon  
  62  5:16  Immortal  
  62  5:20  Stalker  
  60  5:23  Stalker x2  
  66  5:43  Shield Battery  
  66  5:45  Immortal, Stalker  
  66  5:49  Stalker x2  
  72  5:54  Pylon  
  72  5:55  Pylon  
  73  5:57  Protoss Ground Weapons Level 1  
  73  5:58  Pylon  
  54  6:14  Stalker  
  54  6:15  Stalker x2  
  54  6:23  Probe x2  
  54  6:29  Probe  
  54  6:31  Probe x2  
  55  6:35  Protoss Ground Armor Level 1  
  55  6:37  Probe  
  55  6:39  Probe x2  
  57  6:44  Stalker x3  
  63  6:58  Probe x2  
  63  6:59  Probe  
  66  7:06  Probe x2  
  66  7:10  Pylon  
  66  7:11  Probe  
  66  7:12  Templar Archives  
  66  7:15  Probe x2  
  71  7:23  Probe  
  71  7:25  Gateway  
  71  7:27  Gateway  
  71  7:28  Observer, Probe  
  71  7:29  Gateway, Probe  
  75  7:31  Gateway  
  75  7:34  Gateway  
  75  7:35  Probe  
  76  7:50  Probe x3  
  79  7:52  Assimilator x2  
  79  7:53  Pylon  
  79  7:59  Protoss Ground Weapons Level 2  
  79  8:07  Psionic Storm  
  79  8:09  Stalker x2  
  79  8:10  Probe  
  79  8:11  Probe x2  
  82  8:23  Probe x3, Warp Prism  
  87  8:32  High Templar x2  
  87  8:34  High Templar  
  93  8:35  Probe x3  
  96  8:42  High Templar  
  96  8:43  Zealot x4  
  106  8:49  Pylon  
  106  8:51  Pylon  
  110  9:03  Pylon  
  110  9:04  Sentry  
  110  9:05  Sentry  
  110  9:12  Zealot x2  
  110  9:13  Zealot x3  
  110  9:16  Zealot  
  122  9:34  Pylon  
  122  9:35  Pylon  
  122  9:36  Pylon  
  122  9:37  High Templar  
  122  9:38  High Templar  
  126  9:39  Observer  
  126  9:45  Zealot x6  
  134  9:48  Archon  
  134  9:52  Pylon  
  138  9:53  Pylon  
  138  10:06  High Templar x3  
  144  10:07  High Templar, Zealot x2  
  144  10:08  Nexus  
  144  10:10  Pylon  
  144  10:12  Archon x2  
  144  10:13  Zealot x2  
  154  10:32  Archon  
  154  10:34  Archon, Zealot x4  

Tags
 
Add a new tag
Caveats
  • Supply blocks, unpowered buildings, or Contaminate may cause inaccurate times.
  • Supply counts are checked every 10 seconds.